 Dungeon Crawl Stone Soup version 0.28-a0-793-g31680bbd8b (webtiles) character file.

Game seed: 1720934959044814314

1001 ytrimaz the Cutter (level 8, 30/60 HPs)
             Began as a Demonspawn Fighter on Nov 4, 2021.
             Quit the game on level 5 of the Dungeon.
             The game lasted 00:08:39 (5033 turns).

ytrimaz the Cutter (Demonspawn Fighter)             Turns: 5033, Time: 00:08:40

Health: 30/60      AC: 15    Str: 18    XL:     8   Next: 0%
Magic:  8/8        EV: 10    Int: 10    God:
Gold:   193        SH:  4    Dex: 13    Spells: 7/7 levels left

rFire   . . .      SeeInvis .   a - +0 rapier
rCold   . . .      Faith    .   c - +0 buckler
rNeg    . . .      Spirit   .   b - +1 scale mail
rPois   .          Reflect  .   (helmet restricted)
rElec   .          Harm     .   i - +0 cloak
rCorr   .          Rampage  .   (no gloves)
Will    +....                   (no boots)
Stlth   ..........              (no amulet)
HPRegen 0.20/turn               m - ring of willpower
MPRegen 0.11/turn               (no ring)

@: sanguine armoured
A: antennae 1, demonic guardian 1, powered by pain 1, sanguine armour 1
a: no special abilities


You were on level 5 of the Dungeon.
You visited 1 branch of the dungeon, and saw 5 of its levels.

You collected 193 gold pieces.

Inventory:

Hand Weapons
 a - a +0 rapier (weapon)
 h - a +2 dagger of venom
Armour
 b - a +1 scale mail (worn)
 c - a +0 buckler (worn)
 i - a +0 cloak (worn)
Jewellery
 m - a ring of willpower (left hand)
 q - an amulet of guardian spirit
Scrolls
 e - a scroll of enchant armour
 f - a scroll of enchant weapon
 j - a scroll of immolation
 k - a scroll of silence
 l - 2 scrolls of teleportation
 n - 2 scrolls of torment {unknown}
 o - 2 scrolls of identify
 p - 2 scrolls of noise {unknown}
Potions
 d - 3 potions of might
 g - 3 potions of attraction {unknown}


   Skills:
 + Level 4.1 Fighting
 * Level 6.1 Short Blades
 + Level 4.5 Armour
 * Level 3.1 Dodging
 + Level 3.3 Shields


You had 7 spell levels left.
You didn't know any spells.
Your spell library contained the following spells:

 Spells                   Type           Power      Damage    Failure   Level
 Ignite Poison            Fire/Tmut/Pois 0%         N/A       98%         3
 Mephitic Cloud           Conj/Pois/Air  0%         N/A       98%         3
 Freezing Cloud           Conj/Ice/Air   0%         6-21      100%        5


Dungeon Overview and Level Annotations

Branches:
Dungeon (5/15)
 Temple: D:4-7

Altars:
Xom

Shops:
D:5 [?!:

Annotations:
D:4 2 runed translucent doors, bronco's ghost, weakling DsDe


Innate Abilities, Weirdness & Mutations

You have a pair of small antennae on your head.
A weak demonic guardian rushes to your aid.
You sometimes gain a little power by taking damage.
When seriously injured, your bleeding wounds create armour. (AC +6)


Message History

You hear a bark!
You hear an angry hiss.
You hit the howler monkey.
The howler monkey is moderately wounded.
The howler monkey hits you but does no damage.
You closely miss the howler monkey.
The howler monkey is heavily wounded.
The howler monkey barely misses you.
You hit the howler monkey.
The howler monkey looks as sick as possible!
The howler monkey is heavily wounded.
You barely miss the howler monkey.
The howler monkey is heavily wounded.
The howler monkey barely misses you.
You hit the howler monkey.
The howler monkey looks as sick as possible!
The howler monkey is severely wounded.
The howler monkey hits you but does no damage.
You hit the howler monkey but do no damage.
The howler monkey looks as sick as possible!
The howler monkey is severely wounded.
The howler monkey hits you.
You hit the howler monkey.
The howler monkey is almost dead.
The howler monkey hits you.
You closely miss the howler monkey.
The howler monkey is almost dead.
You kill the howler monkey!
You have reached level 8!
You feel clever.
Your demonic ancestry asserts itself...
You feel the presence of a demonic guardian.
You sense a monster nearby.
A water moccasin zombie comes into view.
A water moccasin zombie is nearby!
Your +2 dagger of venom stops dripping with poison.
a - a +0 rapier (weapon)
Sorry, you're not good enough to have a special ability.
Unknown command.
Unknown command.
Sorry, you're not good enough to have a special ability.
Are you sure you want to abandon this character and quit the game? (Confirm with "yes".)

≈≈≈≈. .. ...$≈. ..
≈≈§.≈.#####.
..≈§≈......
≈.≈._.≈.≈.....
.≈.≈...≈.≈...Z.
.≈.≈≈≈.≈.≈.#.#######
#.≈....!..≈..@.......
#..≈≈≈≈≈≈≈≈........#.
....................
#.#.#..#.......#.###.
.......<#.##).#$.. .
.#.#....#.$...#.#...
#.#.<..).####)##.#...
.......#.# #.........
#......#(###...$##.##


You could see a water moccasin zombie.

Vanquished Creatures
  Sigmund (D:3)
  A necrophage (D:3)
  A centaur (D:5)
  A kobold brigand (D:5)
  A bullfrog (D:4)
  3 scorpions (D:4)
  A water moccasin skeleton (D:5)
  A howler monkey (D:5)
  A bullfrog zombie (D:5)
  A centaur zombie (D:5)
  7 gnolls
  4 adders
  3 white imps (D:5)
  An adder skeleton (D:2)
  4 worms
  6 dart slugs
  3 orcs
  A bat skeleton (D:2)
  A bat zombie (D:2)
  8 endoplasms
  2 giant cockroaches
  6 goblins
  6 hobgoblins
  3 jackals (D:5)
  2 quokkas
  6 ball pythons
  9 bats
  4 frilled lizards
  15 kobolds
  A quokka skeleton (D:2)
  A quokka zombie (D:2)
  8 rats
  A spectral hobgoblin (D:1)
114 creatures vanquished.

Vanquished Creatures (others)
  A withered plant (D:2)
1 creature vanquished.

Grand Total: 115 creatures vanquished

Notes
Turn   | Place    | Note
-------+----------+-------------------------------------------
     0 | D:1      | ytrimaz the Demonspawn Fighter began the quest for the Orb.
     0 | D:1      | Reached XP level 1. HP: 18/18 MP: 1/1
   210 | D:1      | Reached skill level 2 in Short Blades
   210 | D:1      | Gained mutation: You have a pair of small antennae on your
                  | head. [demonic ancestry]
   210 | D:1      | Reached XP level 2. HP: 24/24 MP: 2/2
   586 | D:1      | Found a faded altar of an unknown god.
   755 | D:1      | Gained mutation: You sometimes gain a little power by
                  | taking damage. [demonic ancestry]
   755 | D:1      | Reached XP level 3. HP: 29/29 MP: 3/3
  1196 | D:2      | Reached skill level 1 in Dodging
  1569 | D:2      | Reached skill level 3 in Short Blades
  1569 | D:2      | Reached XP level 4. HP: 23/35 MP: 4/4
  2295 | D:3      | Noticed Sigmund
  2302 | D:3      | Killed Sigmund
  2303 | D:3      | Reached skill level 4 in Short Blades
  2303 | D:3      | Gained mutation: When seriously injured, your bleeding
                  | wounds create armour. (AC +6) [demonic ancestry]
  2303 | D:3      | Reached XP level 5. HP: 37/41 MP: 5/5
  2472 | D:3      | Reached XP level 6. HP: 47/47 MP: 6/6
  3101 | D:4      | Found a large runed translucent door.
  3102 | D:4      | Found a large runed translucent door.
  3104 | D:4      | Noticed bronco's ghost (weakling DsDe)
  3730 | D:4      | Reached skill level 5 in Short Blades
  3821 | D:4      | Reached XP level 7. HP: 50/53 MP: 7/7
  4717 | D:5      | Entered Level 5 of the Dungeon
  4717 | D:5      | Found a shimmering altar of Xom.
  4718 | D:5      | Found Adai's Magic Scroll Shop.
  4763 | D:5      | Found Cewugime's Antique Armour Shop.
  4764 | D:5      | Found Ziejemog's Book Shop.
  4772 | D:5      | Found Xupsial's Distillery.
  4936 | D:5      | Reached skill level 6 in Short Blades
  5018 | D:5      | Gained mutation: A weak demonic guardian rushes to your
                  | aid. [demonic ancestry]
  5018 | D:5      | Reached XP level 8. HP: 28/60 MP: 8/8
  5033 | D:5      | Quit the game

Illustrated notes

Levels and vault maps discovered:
D:1:      kilobyte_arrival_exit_the_forest, layout_loops_ring,
          dreamdust_ecumenical_altar_drowned_temple
D:2:      layout_basic, serial_undead, serial_undead_d, serial_undead_b,
          serial_undead_e, serial_undead_e, dk_noncrumbling_4
D:3:      minmay_octagon_keep, layout_rooms, uniq_sigmund
D:4:      layout_layer_cave, ebering_ghost_disaster_area, serial_bayou_lagoon_b
D:5:      layout_basic, mainiacjoe_overflow_concentric_impassable,
          chequers_hall_statues_wall_a, minmay_shop_grid_forest,
          lemuel_flamethrower_1

Skill      XL: |  1  2  3  4  5  6  7 |
---------------+----------------------+-----
Short Blades   | 2 3 4 5 6 |  6.1
Armour         | 3 4 |  4.5
Dodging        | 1 2 3 |  3.1
Shields        | 3 |  3.3
Fighting       | 4 |  4.1

Action                   |  1- 3 |  4- 6 |  7- 9 || total
-------------------------+-------+-------+-------++-------
Melee: Rapier            |    37 |       |       ||    37
       Dagger            |    72 |   223 |   155 ||   450
  Use: Scroll            |     3 |     3 |       ||     6
       Potion            |       |     2 |       ||     2
Armor: Scale mail        |    46 |    75 |    73 ||   194
Dodge: Dodged            |    44 |    89 |    65 ||   198
Block: Buckler           |    21 |    28 |    29 ||    78

Table legend: (Time is in decaauts)
 A = Elapsed time spent in this place.
 B = Non-inter-level travel time spent in this place.
 C = Inter-level travel time spent in this place.
 D = Time resting spent in this place.
 E = Time spent auto-exploring this place.
 F = Levels seen in this place.
 G = Mean time per level.
                   A        B        C        D        E       F      G
               +--------+--------+--------+--------+--------+-----+--------+
         Total |   4972 |   4897 |     75 |      0 |   3972 |   5 |  994.4 |
       Dungeon |   4972 |   4897 |     75 |      0 |   3972 |   5 |  994.4 |
               +--------+--------+--------+--------+--------+-----+--------+

Top non-repeatable levels by time:
     D:4: 1665 daAuts
     D:1: 1195 daAuts
     D:2: 933 daAuts
     D:3: 897 daAuts
     D:5: 281 daAuts
